 Dungeon Crawl Stone Soup version 0.24-a0-592-g9a1d66b0e3 (webtiles) character file.

Game seed: 15137801381147117622, levelgen mode: deterministic

49 Masnef the Sneak (level 3, -3/19 HPs)
             Began as a Vampire Enchanter on Sept 9, 2019.
             Slain by an adder (5 damage)
             ... on level 2 of the Dungeon.
             The game lasted 00:04:10 (874 turns).

Masnef the Sneak (Vampire Enchanter)                 Turns: 874, Time: 00:04:10

Health: -3/19      AC:  2    Str:  7    XL:     3   Next: 51%
Magic:  6/6        EV: 12    Int: 18    God:
Gold:   35         SH:  0    Dex: 14    Spells: 0/6 levels left

rFire    . . .     SeeInvis +   a - +1 dagger
rCold    . . .     Gourm    .   (no shield)
rNeg     . . .     Faith    .   b - +0 robe
rPois    .         Spirit   .   (no helmet)
rElec    .         Reflect  .   (no cloak)
rCorr    .         Harm     .   (no gloves)
MR       .....                  (no boots)
Stlth    +++.......             (no amulet)
HPRegen  0.26/turn              (no ring)
MPRegen  0.10/turn              (no ring)

@: regenerating quickly
A: no food, fangs 3, see invisible, [frail 2], unbreathing
a: Exsanguinate


You were on level 2 of the Dungeon.
You were alive.

You visited 1 branch of the dungeon, and saw 2 of its levels.

You collected 35 gold pieces.

Inventory:

Hand Weapons
 a - a +1 dagger (weapon)
Armour
 b - a +0 robe (worn)
Scrolls
 f - a scroll of teleportation {unknown}
 g - a scroll of magic mapping {unknown}
Potions
 c - 2 potions of flight {unknown}
 d - a potion of curing {unknown}
 e - 2 potions of haste {unknown}


   Skills:
 + Level 2.7 Short Blades
 - Level 2.1 Dodging
 + Level 5.5 Stealth
 - Level 2.0 Spellcasting
 * Level 4.9 Hexes


You couldn't memorise any spells.
You knew the following spells:

 Your Spells              Type           Power        Failure   Level  Hunger
a - Corona                Hex            ###....      2%          1    N/A
b - Ensorcelled Hibernat  Hex/Ice        ##....       10%         2    N/A
c - Confuse               Hex            ###.....     8%          3    N/A

Your spell library contained the following spells:

 Spells                   Type           Power        Failure   Level  Hunger
 Tukima's Dance           Hex            ###.....     8%          3    N/A
 Dazzling Spray           Conj/Hex       ##....       21%         3    N/A

Dungeon Overview and Level Annotations

Branches:
Dungeon (2/15)

Altars:

Annotations:
D:2 Terence


Innate Abilities, Weirdness & Mutations

You do not eat.
Your natural rate of healing is unusually fast.
You have razor-sharp teeth.
You have supernaturally acute eyesight. (SInv)
You can survive without breathing.
[You are very frail. (-20% HP)]


Message History

You are too injured to fight recklessly!
The adder barely misses you. The adder closely misses you.
Terence asks, "Do you want it fast or slow?"
The adder bites you but does no damage.
Found 13 arrows.
There is an escape hatch in the ceiling here.
The leopard gecko barely misses you. The adder barely misses you.
The leopard gecko closely misses you. The adder closely misses you.
Terence completely misses you. The adder misses you.
Keep bloodletting?
You begin bloodletting.
You continue bloodletting.
The leopard gecko bites you. Terence hits you with a +0 short sword.
* * * LOW HITPOINT WARNING * * *
The adder barely misses you.
You continue bloodletting.
The leopard gecko completely misses you.
The adder bites you.
You die...

#....... ... #.######
..####..#### #.......
...........# #.>.....
###.........# #.......
.(..........# #.......
...........#######.......
............)............
#....@................
###...@Sl...............
#...........###...#.....
.#.....<.....###.........
...............##.........
....##.....†..............
#...##.............$......
#...................
.......#....>.......


You could see Terence, an adder and a leopard gecko.

Vanquished Creatures
  2 oozes (D:1)
  A dart slug (D:1)
  A leopard gecko (D:1)
  3 bats (D:1)
  5 giant cockroaches
  5 goblins (D:1)
  A hobgoblin (D:1)
  4 jackals (D:1)
  5 kobolds
  A frilled lizard (D:1)
  5 rats
33 creatures vanquished.

Notes
Turn   | Place    | Note
-------+----------+-------------------------------------------
     0 | D:1      | Masnef the Vampire Enchanter began the quest for the Orb.
     0 | D:1      | Reached XP level 1. HP: 13/13 MP: 3/3
    92 | D:1      | Reached XP level 2. HP: 19/19 MP: 5/5
    96 | D:1      | Learned a level 2 spell: Ensorcelled Hibernation
   336 | D:1      | Reached XP level 3. HP: 21/21 MP: 6/6
   386 | D:1      | Reached skill level 5 in Stealth
   773 | D:2      | Learned a level 3 spell: Confuse
   852 | D:2      | Noticed Terence
   874 | D:2      | Slain by an adder

Levels and vault maps discovered:
D:1:      ncdulo_smallfort, layout_loops_ring
D:2:      layout_basic, lemuel_zombie_altar_yredelemnul, minmay_octomino_e4,
          uniq_terence

Skill      XL: |  1  2  3 |
---------------+----------+-----
Short Blades   | 2 |  2.7
Stealth        | 5 |  5.5
Dodging        | |  2.1
Spellcasting   | |  2.0
Hexes          | |  4.9

Action                   || total
-------------------------++-------
Melee: Dagger            ||   137
       Bite              ||    12
 Abil: Exsanguinate      ||     3
       Revivify          ||     2
 Stab: Sleeping          ||     9
Armor: Robe              ||    20
Dodge: Dodged            ||    79

Table legend:
 A = Non-vault XP
 B = Vault XP
 C = Vault XP percentage of total XP
 D = Non-vault monster count
 E = Vault monster count
 F = Vault count percentage of total count
                 A         B        C        D         E       F
            +---------+---------+-------+---------+---------+-------
      Total |      70 |       0 |   0.0 |      33 |       0 |   0.0
            +---------+---------+-------+---------+---------+-------
        D:1 |      65 |       0 |   0.0 |      30 |       0 |   0.0
        D:2 |       5 |       0 |   0.0 |       3 |       0 |   0.0
            +---------+---------+-------+---------+---------+-------
